 Dungeon Crawl Stone Soup version 0.17-a0-1748-g222fba8 (webtiles) character file.

106 kae the Insei (level 4, 0/35 HPs)
             Began as a Draconian Transmuter on Sept 1, 2015.
             Succumbed to a scorpion's poison
             ... on level 3 of the Dungeon.
             The game lasted 00:02:42 (2511 turns).

kae the Insei (Draconian Transmuter)                Turns: 2511, Time: 00:02:42

Health: 0/35       AC:  5    Str: 12    XL:     4   Next: 55%
Magic:  6/7        EV: 12    Int: 13    God:
Gold:   61         SH:  0    Dex: 13    Spells: 1 memorised, 6 levels left

rFire  . . .     SeeInvis .       - Unarmed
rCold  . . .     Clarity  .     (armour unavailable)
rNeg   . . .     SustAt   .     (no shield)
rPois  .         Gourm    .     (helmet restricted)
rElec  .         Spirit   .     (no cloak)
rCorr  .         Warding  .     (no gloves)
rMut   .         Stasis   .     (boots currently unavailable)
MR     .....                    (no amulet)
Stlth  +.........               (no ring)
                                (no ring)

@: lethally poisoned (0 -> -43), appendage (expiring), very slightly
contaminated, not resistant to hostile enchantments, very unstealthy
A: unfitting armour, talons 3, cold-blooded, AC +5
a: End Transformation


You were on level 3 of the Dungeon.
You were not hungry.
You had grown temporary talons.
You visited 1 branch of the dungeon, and saw 3 of its levels.

You collected 61 gold pieces.

Inventory:

Missiles
 a - 12 arrows
Jewellery
 h - a cursed ring of teleportation {unknown}
Scrolls
 d - 2 scrolls of magic mapping {unknown}
 e - a scroll of noise {unknown}
 j - a scroll of fog {unknown}
 l - a scroll of identify {unknown}
 o - a scroll of enchant armour {unknown}
Potions
 i - a potion of mutation {unknown}
 k - a potion of beneficial mutation {unknown}
 m - a potion of cancellation {unknown}
Books
 b - a book of Changes

   Spells                             Type                      Level
   a - Beastly Appendage              Transmutation                1
   b - Sticks to Snakes               Transmutation                2
   c - Spider Form                    Transmutation/Poison         3
   d - Ice Form                       Ice/Transmutation            4
   e - Blade Hands                    Transmutation                5
Comestibles
 c - a bread ration
 f - a beef jerky
 g - 2 meat rations
 n - 2 chunks of flesh


   Skills:
 - Level 1.1 Fighting
 - Level 1.7 Dodging
 + Level 5.4 Unarmed Combat
 - Level 2.0 Spellcasting
 - Level 2.0 Transmutations


You had 6 spell levels left.
You knew the following spells:

 Your Spells              Type           Power        Failure   Level  Hunger
a - Beastly Appendage     Trmt           #.....       12%         1    ##.....


Dungeon Overview and Level Annotations

Branches:
Dungeon (3/15)

Altars:
Nemelex Xobeh


Innate Abilities, Weirdness & Mutations

Your plain brown scales are hard (AC +5).
Your body does not fit into most forms of armour.
You are cold-blooded and may be slowed by cold attacks.
You have claws for feet.


Message History

You closely miss the scorpion. You tail-slap the scorpion.
The scorpion is heavily wounded.
Your transformation is almost over.
You feel sick. The scorpion misses you.
You hit the scorpion but do no damage. Your kick misses the scorpion.
The scorpion is heavily wounded.
You feel sick. The scorpion stings you!
* * * LOW HITPOINT WARNING * * *
You are more poisoned.
The scorpion poisons you!
You are too injured to fight recklessly!
You are too injured to fight recklessly!
You are too injured to fight recklessly!
You are too injured to fight recklessly!
You are too injured to fight recklessly!
You are too injured to fight recklessly!
You are too injured to fight recklessly!
You hit the scorpion.
The scorpion is severely wounded.
You die...

##...# ##.....###
#........######### #
#........ .[.$..#
..##....#..###.....#
.. .........s....#
#.##.#..# #@....#
#......>###.....#
####.#..†...#####
### #.######## ..#
####.###### #.#
##..........# #.#
#.......###.# #.#
#.......#
#.###..........


You could see a scorpion.

Vanquished Creatures
  Ijyb (D:2)
  An adder (D:2)
  An ooze (D:2)
  3 worms (D:2)
  2 ball pythons (D:3)
  4 giant cockroaches
  3 hobgoblins (D:2)
  4 jackals (D:1)
  10 kobolds
  A quokka (D:2)
  8 bats
  3 giant geckos
  2 giant newts (D:1)
  6 goblins
  9 rats
58 creatures vanquished.

Notes
Turn   | Place    | Note
--------------------------------------------------------------
     0 | D:1      | kae the Draconian Transmuter began the quest for the Orb.
     0 | D:1      | Reached XP level 1. HP: 16/16 MP: 3/3
     0 | D:1      | Noticed a centaur
     2 | D:1      | Noticed an ogre
     2 | D:1      | Noticed a spriggan
     4 | D:1      | Noticed a ghoul
     8 | D:1      | Noticed a gargoyle
    10 | D:1      | Noticed an octopode
    12 | D:1      | Noticed a vampire
    14 | D:1      | Noticed a vampire
    16 | D:1      | Noticed a formicid
    16 | D:1      | Noticed a vampire
    16 | D:1      | Noticed a dwarf
    20 | D:1      | Noticed an octopode
   416 | D:1      | Reached XP level 2. HP: 20/23 MP: 5/5
   856 | D:1      | Reached skill level 4 in Unarmed Combat
  1173 | D:2      | Reached XP level 3. HP: 28/28 MP: 4/6
  1818 | D:2      | Noticed Ijyb
  1841 | D:2      | Killed Ijyb
  1841 | D:2      | Reached skill level 5 in Unarmed Combat
  1841 | D:2      | Reached XP level 4. HP: 27/35 MP: 7/7
  1986 | D:2      | Found a sparkling altar of Nemelex Xobeh.
  2511 | D:3      | Succumbed to a scorpion's poison

Vault maps used:
D:1:      shiori_arrival_whats_in_store_for_you
D:2:      nemelex_xobeh_ov_fountains_minmay, minmay_misc_feat_rugged, uniq_iyjb
D:3:      serial_bayou_lagoon_a

Action                   |  1- 3 |  4- 6 || total
-------------------------+-------+-------++-------
Melee: Unarmed           |   148 |    60 ||   208
 Cast: Beastly Appendage |    11 |    10 ||    21
 Stab: Sleeping          |       |     1 ||     1
  Eat: Chunk             |     3 |     3 ||     6
